 Dungeon Crawl Stone Soup version 0.21-a0-2-ge494091 (webtiles) character file.

89 Llamajah the Ducker (level 4, 0/34 HPs)
             Began as a Demonspawn Gladiator on May 23, 2017.
             Slain by a gnoll
             ... wielding a +0 halberd
              (10 damage)
             ... on level 2 of the Dungeon.
             The game lasted 00:04:01 (1219 turns).

Llamajah the Ducker (Demonspawn Gladiator)          Turns: 1219, Time: 00:04:02

Health: 0/34       AC:  4    Str: 15    XL:     4   Next: 31%
Magic:  4/4        EV: 15    Int:  9    God:
Gold:   60         SH:  0    Dex: 15    Spells: 3/3 levels left

rFire    . . .     SeeInvis .   a - +0 war axe
rCold    + . .     Gourm    .   (no shield)
rNeg     . . .     Faith    .   b - +0 leather armour
rPois    .         Spirit   .   c - +0 helmet
rElec    .         Reflect  .   (no cloak)
rCorr    .         Harm     .   (no gloves)
MR       .....                  (no boots)
Stlth    +.........             (no amulet)
Regen    0.2/turn               (no ring)
MPRegen  0.1/turn               (no ring)

@: no status effects
A: repulsion field 1, cold resistance 1, rot immunity
a: no special abilities


You were on level 2 of the Dungeon.
You were not hungry.

You visited 1 branch of the dungeon, and saw 2 of its levels.

You collected 60 gold pieces.

Inventory:

Hand Weapons
 a - a +0 war axe (weapon)
Missiles
 d - 3 throwing nets (quivered)
Armour
 b - a +0 leather armour (worn)
 c - a +0 helmet (worn)
 o - a +0 chain mail
 t - a +0 plate armour
Wands
 r - a wand of flame (22/48)
Scrolls
 e - 2 scrolls of identify {unknown}
 g - a scroll of fog {unknown}
 j - a scroll of blinking {unknown}
 n - a scroll of remove curse {unknown}
 q - a scroll of immolation {unknown}
 s - 2 scrolls of enchant weapon {unknown}
Potions
 i - 3 potions of heal wounds
 l - a potion of mutation {unknown}
 p - 2 potions of magic {unknown}
Comestibles
 f - 2 bread rations
 h - 4 fruits
 k - 2 chunks of flesh
 m - a meat ration


   Skills:
 + Level 2.5 Fighting
 + Level 3.1 Axes
 + Level 2.4 Throwing
 + Level 1.5 Armour
 + Level 3.2 Dodging


You had 3 spell levels left.
You didn't know any spells.

Dungeon Overview and Level Annotations

Branches:
Dungeon (2/15)

Altars:
Kikubaaqudgha
Sif Muna
Yredelemnul

Annotations:
D:2 2 transporters, Menkaure


Innate Abilities, Weirdness & Mutations

You are surrounded by a mild repulsion field. (EV +2)
Your flesh is cold resistant. (rC+)
You are immune to rotting.


Message History

The gnoll is lightly wounded.
The gnoll hits you with a short sword!
You slash the gnoll!
The gnoll is almost dead.
The gnoll closely misses you.
You barely miss the gnoll.
The gnoll is almost dead.
The gnoll hits you but does no damage. The gnoll barely misses you.
You slash the gnoll!
You kill the gnoll!
You hit the gnoll.
The gnoll is severely wounded.
The gnoll hits you with a short sword.
* * * LOW HITPOINT WARNING * * *
The gnoll completely misses you.
Some of the chunks of flesh in your inventory have rotted away.
You hit the gnoll.
You kill the gnoll!
The gnoll hits you from afar with a halberd!
You die...

.## ####.#......### # ..##
###.........### .#
#..####.............. ...
##........##.....#### ....
#####....# #.#.#(# ....#
#####...####...#.#####.....#
.##......##....(.÷..........
..#....#.#...#..(######.....
.....##........#@# ...
##.............#)# .
#.........>....#g##
...............#gg#
#..>....÷......##.#
#..............##$.#
#..............###.#
#..............# ..
#..............# ...


You could see 2 gnolls and a goblin.

Vanquished Creatures
  2 gnolls (D:2)
  3 adders (D:2)
  An ooze (D:2)
  A dart slug (D:1)
  2 leopard geckos
  A ball python (D:2)
  5 bats
  A giant cockroach (D:1)
  3 goblins
  4 hobgoblins (D:1)
  A quokka (D:2)
  2 frilled lizards (D:2)
  9 kobolds
  3 rats
38 creatures vanquished.

Notes
Turn   | Place    | Note
-------+----------+-------------------------------------------
     0 | D:1      | Llamajah the Demonspawn Gladiator began the quest for the Orb.
     0 | D:1      | Reached XP level 1. HP: 16/16 MP: 1/1
    81 | D:1      | Gained mutation: Your flesh is cold resistant. (rC+) [demonic ancestry]
    81 | D:1      | Reached XP level 2. HP: 12/22 MP: 2/2
   279 | D:1      | Reached skill level 1 in Armour
   699 | D:2      | Gained mutation: You are surrounded by a mild repulsion field. (EV +2) [demonic ancestry]
   699 | D:2      | Reached XP level 3. HP: 18/28 MP: 3/3
   704 | D:2      | Found a deep blue altar of Sif Muna.
  1012 | D:2      | Found an ancient bone altar of Kikubaaqudgha.
  1013 | D:2      | Noticed Menkaure
  1015 | D:2      | Found a basalt altar of Yredelemnul.
  1147 | D:2      | Gained mutation: You are immune to rotting. [demonic ancestry]
  1147 | D:2      | Reached XP level 4. HP: 32/34 MP: 4/4
  1219 | D:2      | Slain by a gnoll

Vault maps used:
D:1:      dpeg_arrival_simpleton_c, hex_large, feat_on_display
D:2:      gammafunk_temple_of_torment, led_sif_pool, nicolae_ru_path_of_blood

Skill      XL: |  1  2  3 |
---------------+----------+-----
Armour         | 1 |  1.5
Throwing       | 2 |  2.4
Axes           | 3 |  3.1
Dodging        | 3 |  3.2
Fighting       | |  2.5

Action                   |  1- 3 |  4- 6 || total
-------------------------+-------+-------++-------
Melee: War axe           |    91 |    12 ||   103
  Use: Potion            |     1 |       ||     1
 Stab: Sleeping          |     1 |       ||     1
  Eat: Chunk             |     1 |       ||     1
Armor: Leather armour    |    20 |     2 ||    22
Dodge: Dodged            |    72 |    14 ||    86
